 Dungeon Crawl Stone Soup version 0.31.0-12-g77e489cdc1 (webtiles) character file.

Game seed: 1936455797504404232

144599 SkaryMonk the Placeless Armataur (level 16, -16/119 HPs)
             Began as an Armataur Warper on Feb 12, 2024.
             Was the Champion of Hepliaklqana.
             Demolished by a +5 glaive of pain (25 damage)
             ... on level 2 of the Elven Halls.
             The game lasted 02:17:28 (33970 turns).

SkaryMonk the Placeless Armataur (Armataur Warper) Turns: 33970, Time: 02:17:28

Health: -16/119    AC: 23    Str: 15    XL:     16   Next: 85%
Magic:  14/19      EV: 14    Int: 23    God:    Hepliaklqana [******]
Gold:   38         SH: 19    Dex: 18    Spells: 5/32 levels left

rFire   + . .        F - +3 scimitar (spect)
rCold   + . .        Y - +2 tower shield
rNeg    + + +        g - +2 robe {Will+}
rPois   +            w - +2 helmet {Int+3}
rElec   +            M - +0 cloak
rCorr   .            b - +2 pair of gloves {infuse}
SInv    .            N - +2 barding
Will    ++...        D - amulet of regeneration
Stlth   ++           a - ring of Irrepressible Laughter {rF+ EV+5 Int+3}
HPRegen 1.19/turn    S - ring of Ceablol {rPois rC+ rN+++ MP-9}
MPRegen 0.16/turn

%: roll, infuse magic (1 MP)
@: about to teleport
A: reduced essence, large, deformed body, tough skin 3, armoured tail, roll 2,
agile 1, electricity resistance, inability to drink after injury 1
a: Renounce Religion, Recall Ancestor, Ancestor Identity, Transference, Idealise


You were on level 2 of the Elven Halls.
You worshipped Hepliaklqana.
Hepliaklqana was exalted by your worship.
You visited 7 branches of the dungeon, and saw 29 of its levels.

You collected 2763 gold pieces.
You spent 2725 gold pieces at shops.

Inventory:

Hand Weapons
 j - a +2 scimitar of electrocution
 u - a +1 falchion of flaming
 F - a +3 spectral scimitar (weapon)
Missiles
 d - 6 darts of dispersal
 i - 8 boomerangs (quivered)
 l - 37 poisoned darts
 E - 5 atropa-tipped darts
 J - 6 silver javelins
 R - 3 javelins
 W - 5 curare-tipped darts
Armour
 b - a +2 pair of gloves of infusion (worn)
 g - a +2 robe of willpower (worn)
 w - a +2 helmet of intelligence (worn)
 M - a +0 cloak (worn)
 N - a +2 barding (worn)
 Y - a +2 tower shield (worn)
Jewellery
 a - the ring of Irrepressible Laughter (left hand) {rF+ EV+5 Int+3}
   (You found it on level 5 of the Lair of Beasts)

   [ring of evasion]

   EV+5:      It affects your evasion (+5).
   Int+3:     It affects your intelligence (+3).
   rF+:       It protects you from fire.
 o - a ring of flight
 p - a ring of protection from fire
 y - a ring of protection from fire
 D - an amulet of regeneration (around neck)
 S - the ring of Ceablol (right hand) {rPois rC+ rN+++ MP-9}
   (You found it on level 2 of the Lair of Beasts)

   [ring of poison resistance]

   rC+:       It protects you from cold.
   rPois:     It protects you from poison rN+++: It renders you almost immune to
   negative energy.
   MP-9:      It affects your magic capacity (-9).
 T - a ring of protection from cold
Wands
 e - a wand of polymorph (8)
 B - a wand of mindburst (4)
 L - a wand of flame (9)
 O - a wand of iceblast (18)
 X - a wand of charming (8)
 Z - a wand of quicksilver (4)
Scrolls
 h - 3 scrolls of teleportation
 k - a scroll of poison {unknown}
 m - a scroll of acquirement {unknown}
 t - a scroll of immolation {unknown}
 v - 2 scrolls of torment
 x - a scroll of amnesia
 G - a scroll of vulnerability
 H - 3 scrolls of noise
 K - 3 scrolls of fear
 P - 4 scrolls of revelation
 Q - 3 scrolls of fog
Potions
 c - 10 potions of curing
 f - 2 potions of magic
 n - a potion of brilliance
 q - 2 potions of cancellation {unknown}
 r - 3 potions of heal wounds
 s - 4 potions of enlightenment
 z - 2 potions of attraction
 A - 4 potions of might
 C - 2 potions of haste
 I - a potion of resistance
 U - a potion of invisibility
 V - 3 potions of lignification


   Skills:
 + Level 9.6 Fighting
 * Level 13.2 Long Blades
 + Level 9.4 Throwing
 + Level 12.0 Armour
 + Level 8.1 Dodging
 + Level 10.6 Shields
 + Level 8.8 Spellcasting
 * Level 14.3 Translocations


You had 5 spell levels left.
You knew the following spells:

 Your Spells              Type           Power      Damage    Failure   Level
a - Blink                 Tloc           100%       N/A       1%          2
b - Lesser Beckoning      Tloc           100%       N/A       1%          2
c - Gell's Gravitas       Tloc           66%        N/A       1%          3
d - Teleport Other        Tloc           66%        N/A       1%          3
e - Manifold Assault      Tloc           66%        N/A       1%          4
f - Apportation           Tloc           100%       N/A       1%          1
g - Dimensional Bullseye  Hex/Tloc       21%        N/A       19%         4
h - Iskenderun's Mystic   Conj/Tloc      43%        2d10      19%         4
i - Vhi's Electric Charg  Tloc/Air       86%        N/A       19%         4

Your spell library contained the following spells:

 Spells                   Type           Power      Damage    Failure   Level
 Foxfire                  Conj/Fire      40%        2x1d6     36%         1
 Freeze                   Ice            40%        1d6       36%         1
 Necrotise                Necr           40%        1d6       36%         1
 Sting                    Conj/Alch      40%        1d5       36%         1
 Summon Small Mammal      Summ           40%        N/A       36%         1
 Call Imp                 Summ           20%        N/A       50%         2
 Cigotuvi's Dreadful Rot  Necr/Alch/Air  20%        N/A       50%         2
 Ensorcelled Hibernation  Hex/Ice        20%        N/A       50%         2
 Sublimation of Blood     Necr           10%        N/A       50%         2
 Call Canine Familiar     Summ           10%        N/A       73%         3
 Frozen Ramparts          Ice            20%        1d4       73%         3
 Fugue of the Fallen      Necr           10%        N/A       73%         3
 Hailstorm                Conj/Ice       10%        3d6       73%         3
 Sigil of Binding         Hex            10%        N/A       73%         3
 Stone Arrow              Conj/Erth      20%        3d8       73%         3
 Tukima's Dance           Hex            10%        N/A       73%         3
 Anguish                  Hex/Necr       5%         N/A       98%         4
 Animate Armour           Summ/Erth      20%        N/A       98%         4
 Animate Dead             Necr           10%        N/A       98%         4
 Dispel Undead            Necr           10%        3d9       98%         4
 Martyr's Knell           Necr/Summ      10%        N/A       98%         4
 Death Channel            Necr           5%         N/A       100%        6
 Plasma Beam              Fire/Air       5%         2x1d15    100%        6
 Sculpt Simulacrum        Ice/Alch       5%         N/A       100%        6
 Starburst                Conj/Fire      5%         6d4       100%        6
 Ozocubu's Refrigeration  Ice            5%         4d8       100%        7
 Summon Hydra             Summ           5%         N/A       100%        7
 Borgnjor's Revivificati  Necr           5%         N/A       100%        8
 Lehudib's Crystal Spear  Conj/Erth      5%         10d3      100%        8
 Polar Vortex             Ice            5%         N/A       100%        9


Dungeon Overview and Level Annotations

Branches:
Dungeon (15/15)            Temple (1/1) D:6            Lair (5/5) D:8
  Swamp (1/4) Lair:3       Spider (2/4) Lair:2        Slime (0/5) Lair:5
    Orc (2/2) D:12            Elf (3/3) Orc:2        Vaults (0/5) D:13
 Depths (0/4) D:15

Altars:
Ashenzari
Cheibriados
Dithmenos
Elyvilon
Fedhas
Gozag
Hepliaklqana
Kikubaaqudgha
Makhleb
Nemelex Xobeh
Okawaru
Qazlal
Ru
Sif Muna
Trog
Uskayaw
Vehumet
Wu Jian
Xom
Yredelemnul
Zin
The Shining One

Shops:
D:6 [   Orc:2 *([*   Elf:1 :   Elf:2 *

Annotations:
D:13 1 runed translucent door, dertzug's ghost, journeyman AtFi
D:14 2 transporters, dertzug's ghost, journeyman AtFi
D:15 3 runed translucent doors, Democracy123's ghost, novice FoFi
Spider:1 Frances


Innate Abilities, Weirdness & Mutations

Your life essence is reduced to manifest your ancestor. (-10% HP)
Armour fits poorly on your strangely shaped body.
You have extremely tough skin. (AC +3)
You have a long armoured tail.
You regenerate magic and health when rolling toward enemies. (Rampage Regen)
You are agile. (Dex +4, Str/Int -1)
You are resistant to electric shocks. (rElec)
You occasionally lose the ability to drink potions when taking damage.


Message History

The +2 trident of distortion attacks as it pursues you!
The +2 trident of distortion hits you from afar.
Space warps horribly around you!
As you read the scroll of teleportation, it crumbles to dust.
You feel strangely unstable.
The +1 vampiric quick blade hits you but does no damage.
You block the +1 vampiric quick blade's attack.
You block the +2 trident of distortion's attack.
You block the +1 vampiric quick blade's attack. x2
The +2 trident of distortion hits you but does no damage.
The +2 mace of protection completely misses you.
The +1 vampiric quick blade hits you but does no damage. x2
You block the +2 trident of distortion's attack.
You block the +2 mace of protection's attack.
Your surroundings suddenly seem different.
A +3 antimagic executioner's axe comes into view.
Found a scroll of enchant weapon.
As you read the scroll of teleportation, it crumbles to dust.
You feel strangely unstable.
The +3 antimagic executioner's axe attacks as it pursues you!
The +3 antimagic executioner's axe hits you!!
* * * LOW HITPOINT WARNING * * *
You feel your power leaking away.
The deep elf knight shouts!
Your surroundings suddenly seem different.
A +1 battleaxe of electrocution, a deep elf pyromancer, a +5 glaive of pain and a +2 flail of draining come into view.
The deep elf pyromancer is wielding a +1 long sword of electrocution.
The +5 glaive of pain hits you but does no damage.
As you read the scroll of teleportation, it crumbles to dust.
You feel strangely unstable.
The deep elf pyromancer points at you and mumbles some strange words.
The bolt of fire hits you. You resist.
* * * LOW HITPOINT WARNING * * *
You block the +5 glaive of pain's attack.
The +5 glaive of pain hits you from afar!!
* * * LOW HITPOINT WARNING * * *
The deep elf pyromancer mumbles some strange words.
The deep elf pyromancer blinks!
The +5 glaive of pain hits you from afar!!
You die...

.....##...##...##..
..................(.
##...........).)..((.
##.....#...........#..
#..... ##.....)...###.
#...## ##.......## ##
#...###.........# #.
##....#...........#..
##...@((.e............
#.....................
##...........#........
##.....(...###...(...
#....§....# #.......
#...........#
#.............
##............
##...##......


You could see a deep elf pyromancer and 3 dancing weapons.

Vanquished Creatures
  A bone dragon (Orc:2)
  A deep elf sorcerer (Elf:1)
  An emperor scorpion (Spider:1)
  A broodmother (Lair:2)
  A deep elf demonologist (Elf:1)
  A spark wasp (Lair:2)
  An entropy weaver (Spider:1)
  An entropy weaver (shapeshifter) (Elf:1)
  Josephine (D:13)
  A catoblepas (Orc:1)
  Erolcha (D:10)
  2 centaur warriors
  3 ghost crabs (Elf:1)
  A radroach (Lair:2)
  4 hydras
  A two-headed ogre (D:14)
  4 boulder beetles
  10 dancing weapons
  3 demonic crawlers
  4 death yaks
  A vampire mage (D:15)
  An orc high priest (Orc:2)
  6 deep elf knights
  3 skysharks
  A glowing orange brain (D:13)
  A goliath frog (Swamp:1)
  3 skeletal warriors (D:15)
  A storm dragon skeleton (Elf:1)
  7 deep elf archers
  A necromancer (D:15)
  2 harpies (shapeshifter) (Elf:1)
  3 wolf spiders
  8 deep elf zephyrmancers
  An orc knight (Orc:1)
  3 cyclopes
  12 deep elf pyromancers
  2 orc sorcerers (Orc:1)
  7 elephants
  13 ugly things
  A tengu skeleton (Elf:1)
  A black mamba (Lair:2)
  3 kobold blastminers
  3 meliai (Lair:2)
  2 manticores (D:15)
  2 centaur zombies (D:12)
  6 slime creatures (D:13)
  An iron dragon skeleton (Elf:1)
  2 torpor snails
  9 cane toads
  A storm dragon simulacrum (Elf:1)
  2 gargoyles
  3 large abominations (Elf:1)
  A kobold demonologist (D:9)
  A cane toad (shapeshifter) (D:15)
  An unseen horror (D:13)
  3 rime drakes
  6 komodo dragons
  3 trolls
  A troll (shapeshifter) (Elf:1)
  Grinder (D:5)
  11 tarantellas
  A tyrant leech (Lair:4)
  2 shadow dragon simulacra (Elf:1)
  A glass eye (Lair:5)
  2 hornets
  2 dream sheep (D:8)
  17 blink frogs
  2 spriggan zombies (D:15)
  A dream sheep (shapeshifter) (Orc:2)
  5 jumping spiders
  Sigmund (D:2)
  6 wraiths
  A spriggan (shapeshifter) (Elf:1)
  3 air elementals (Elf:1)
  3 shadows
  15 yaks
  5 wyverns
  5 culicivoras
  2 vampires
  3 fire elementals
  2 water elementals
  3 wargs
  3 basilisks
  7 redbacks
  2 death yak simulacra (D:14)
  13 vampire mosquitoes
  Menkaure (D:6)
  A swamp worm (Lair:3)
  6 hydra simulacra (D:14)
  4 water moccasins
  An ice beast (D:8)
  A sky beast (D:7)
  31 orc warriors
  2 black bears
  5 ogres
  8 wolves
  7 centaurs
  5 kobold brigands
  Blork the orc (D:5)
  15 bullfrogs
  An earth elemental (Elf:1)
  2 scorpions
  5 wights (D:9)
  9 killer bees
  2 elephant simulacra (D:14)
  2 howler monkeys
  An electric eel (Lair:1)
  6 crimson imps (D:7)
  6 hounds
  2 jellies
  22 orc priests
  A bombardier beetle (D:5)
  A gnoll bouda (D:9)
  Terence (D:2)
  3 sleepcaps
  2 iguanas
  16 orc wizards
  Natasha (thrice) (D:2)
  A boggart zombie (D:12)
  13 gnolls
  4 adders
  3 shadow imps
  5 white imps
  3 dart slugs
  A ribbon worm (D:2)
  84 orcs
  9 ball pythons
  9 endoplasms
  A giant cockroach (D:3)
  40 goblins
  25 hobgoblins
  2 quokkas
  3 bats
  3 frilled lizards
  17 kobolds
  4 rats
  2 spectral weapons
692 creatures vanquished.

Vanquished Creatures (collateral kills)
  Jorgrun (D:13)
  A thorn hunter (Lair:3)
  An ironbound preserver (D:12)
  Snorg (Orc:2)
  A spark wasp (Spider:1)
  A deep elf high priest (Elf:2)
  A hydra (Lair:2)
  A radroach (Lair:1)
  A boulder beetle (Lair:1)
  2 orc high priests (Orc:2)
  3 dancing weapons
  5 death yaks
  A tengu warrior (D:14)
  A deep elf knight (Elf:1)
  A pharaoh ant (Lair:2)
  A deep elf archer (Elf:2)
  3 deep elf zephyrmancers
  An orc knight (D:12)
  A steelbarb worm (Spider:1)
  A necromancer (D:14)
  A wolf spider (Lair:2)
  4 deep elf pyromancers
  An orc sorcerer (Orc:2)
  2 ugly things
  A cyclops (D:13)
  A manticore (D:14)
  8 elephants
  A black mamba (Lair:4)
  An ice statue (D:12)
  11 cane toads
  3 rime drakes
  An eye of devastation (Lair:5)
  3 komodo dragons
  A torpor snail (Spider:1)
  A burning bush (Lair:1)
  3 tyrant leeches
  2 tarantellas
  9 blink frogs
  A culicivora (Spider:1)
  3 wraiths
  3 wyverns
  A shadow (D:12)
  2 yaks
  A death yak simulacrum (D:14)
  2 basilisks
  7 redbacks
  7 vampire mosquitoes
  An acid dragon (D:9)
  7 water moccasins
  9 orc warriors
  2 ogres (Orc:1)
  3 wolves
  6 centaurs
  5 bullfrogs
  A killer bee (D:11)
  4 orc priests
  Crazy Yiuf (D:5)
  10 orc wizards
  A hell rat (D:14)
  18 orcs
  A hobgoblin (D:4)
179 creatures vanquished.

Vanquished Creatures (others)
  A deep elf archer (Elf:2)
  A deep elf pyromancer (Elf:1)
  A deep elf zephyrmancer (Elf:1)
  40 hexers
  4 ancestors
  16 spectral weapons
63 creatures vanquished.

Grand Total: 934 creatures vanquished

Notes
Turn   | Place    | Note
-------+----------+-------------------------------------------
     0 | D:1      | SkaryMonk the Armataur Warper began the quest for the Orb.
     0 | D:1      | Reached XP level 1. HP: 17/17 MP: 3/3
    60 | D:1      | Reached skill level 1 in Throwing
   213 | D:1      | Reached XP level 2. HP: 20/24 MP: 4/4
   622 | D:1      | Learned a level 2 spell: Blink
   625 | D:1      | Learned a level 2 spell: Lesser Beckoning
  1124 | D:2      | Noticed Terence
  1262 | D:2      | Reached XP level 3. HP: 25/29 MP: 6/6
  1380 | D:2      | Noticed Natasha
  1386 | D:2      | Killed Natasha
  1387 | D:2      | Reached XP level 4. HP: 22/36 MP: 7/7
  1495 | D:2      | Noticed Natasha
  1504 | D:2      | Killed Natasha
  1645 | D:2      | Noticed Natasha
  1651 | D:2      | Killed Natasha
  1777 | D:2      | Noticed Sigmund
  2226 | D:3      | Reached XP level 5. HP: 37/41 MP: 8/8
  2301 | D:2      | Killed Terence
  3482 | D:2      | HP: 2/42 [Sigmund/magic dart (9)]
  3667 | D:2      | Gained mutation: You are agile. (Dex +4, Str/Int -1)
                  | [potion of mutation]
  3667 | D:2      | Gained mutation: You are resistant to electric shocks.
                  | (rElec) [potion of mutation]
  3694 | D:2      | HP: 2/42 [something/magic dart (4)]
  3721 | D:2      | HP: 1/42 [something/magic dart (6)]
  4081 | D:3      | Reached XP level 6. HP: 42/50 MP: 9/9
  4544 | D:4      | Found a sacrificial altar of Ru.
  4560 | D:4      | Learned a level 3 spell: Gell's Gravitas
  4564 | D:4      | Learned a level 3 spell: Teleport Other
  4565 | D:5      | Entered Level 5 of the Dungeon
  4631 | D:5      | Found a sparkling altar of Nemelex Xobeh.
  4729 | D:4      | Found a hide-covered altar of Uskayaw.
  5372 | D:5      | Noticed Blork the orc
  5387 | D:5      | Killed Blork the orc
  5389 | D:5      | Gained mutation: You regenerate magic and health when
                  | rolling toward enemies. (Rampage Regen) [Armataur growth]
  5389 | D:5      | Reached XP level 7. HP: 40/56 MP: 9/11
  5545 | D:5      | Reached skill level 4 in Translocations
  5773 | D:5      | Found a runed translucent door.
  5774 | D:5      | Noticed Crazy Yiuf
  5949 | D:5      | Reached skill level 1 in Shields
  6524 | D:6      | Noticed Grinder
  6539 | D:6      | Paralysed by Grinder for 3 turns
  6604 | D:6      | Noticed Menkaure
  7282 | D:6      | Paralysed by Grinder for 5 turns
  7309 | D:5      | Paralysed by Grinder for 5 turns
  7315 | D:5      | Killed Grinder
  7316 | D:5      | Reached XP level 8. HP: 35/63 MP: 12/12
  7755 | D:6      | Found a shimmering altar of Xom.
  7873 | D:6      | Found Utuaniun's Armour Shoppe.
  7986 | D:6      | Found a faded altar of an unknown god.
  7986 | D:6      | Found a staircase to the Ecumenical Temple.
  7995 | Temple   | Entered the Ecumenical Temple
  8006 | Temple   | Became a worshipper of Hepliaklqana the Forgotten
  8274 | D:6      | Killed Menkaure
  8374 | D:7      | Reached skill level 5 in Translocations
  8668 | D:7      | Reached skill level 5 in Long Blades
  9153 | D:8      | Reached XP level 9. HP: 42/71 MP: 14/14
  9335 | D:8      | Reached * piety under Hepliaklqana
  9403 | D:8      | Reached skill level 5 in Armour
  9544 | D:8      | Found a staircase to the Lair.
  9829 | D:8      | Reached skill level 6 in Translocations
 10088 | D:8      | Noticed a two-headed hydra
 10100 | D:8      | Killed a one-headed hydra
 10371 | D:9      | Reached XP level 10. HP: 40/72 MP: 16/16
 10603 | D:8      | Found a blossoming altar of Fedhas.
 10670 | D:9      | Found an iron altar of Okawaru.
 10887 | D:9      | Reached skill level 7 in Translocations
 10961 | D:9      | Found an ancient bone altar of Kikubaaqudgha.
 10979 | D:9      | Identified the +7 great mace "Ajissiu" {drain, Dex+2}
 11040 | D:9      | Reached skill level 5 in Fighting
 11455 | D:9      | Reached ** piety under Hepliaklqana
 11456 | D:9      | Remembered your ancestor Æðelind as a hexer
 11708 | D:10     | Entered Level 10 of the Dungeon
 12085 | D:10     | Noticed Erolcha
 12194 | D:10     | Reached skill level 5 in Shields
 12424 | D:11     | Reached XP level 11. HP: 77/79 MP: 18/18
 12509 | D:11     | Noticed a purple ugly thing
 12519 | D:11     | Killed a purple ugly thing
 12520 | D:11     | Reached skill level 8 in Translocations
 12527 | D:11     | Reached skill level 5 in Throwing
 12527 | D:11     | Reached skill level 5 in Spellcasting
 12642 | Lair:1   | Entered Level 1 of the Lair of Beasts
 12959 | Lair:1   | Noticed a boulder beetle
 13096 | Lair:1   | Killed a boulder beetle
 13105 | Lair:1   | Reached *** piety under Hepliaklqana
 13538 | Lair:2   | Found a hole to the Spider Nest.
 13591 | Lair:2   | Noticed a death yak
 13591 | Lair:2   | Noticed a six-headed hydra
 13726 | Lair:2   | Reached skill level 9 in Translocations
 13726 | Lair:2   | Noticed a death yak
 13749 | Lair:2   | Killed a death yak
 13750 | Lair:2   | Reached skill level 5 in Dodging
 13751 | Lair:2   | Killed a death yak
 13839 | Lair:2   | Reached XP level 12. HP: 79/86 MP: 20/20
 14027 | Lair:2   | Identified the ring of Ceablol {rPois rC+ rN+++ MP-9}
 14100 | Lair:2   | Reached **** piety under Hepliaklqana
 14385 | Lair:2   | Noticed a six-headed hydra
 14397 | Lair:2   | Killed a one-headed hydra
 14578 | Lair:2   | Killed a one-headed hydra
 15053 | Lair:3   | Reached skill level 10 in Translocations
 15486 | Lair:3   | Found a staircase to the Swamp.
 16064 | Lair:4   | Reached XP level 13. HP: 55/93 MP: 11/22
 16887 | Lair:5   | Entered Level 5 of the Lair of Beasts
 17285 | Lair:5   | Reached ***** piety under Hepliaklqana
 17451 | Lair:5   | Reached skill level 10 in Long Blades
 17502 | Lair:5   | Found a staircase to the Slime Pits.
 17840 | Lair:5   | Reached skill level 11 in Translocations
 18481 | Lair:5   | Identified the ring of Irrepressible Laughter {rF+ EV+5
                  | Int+3}
 18885 | D:10     | Killed Erolcha
 19219 | D:5      | Killed Crazy Yiuf
 19681 | D:2      | Killed Sigmund
 20566 | D:12     | Reached XP level 14. HP: 77/101 MP: 15/24
 20906 | D:12     | Found a staircase to the Orcish Mines.
 21553 | D:13     | Noticed Jorgrun
 21567 | D:13     | Killed Jorgrun
 21985 | D:13     | Noticed dertzug's ghost (journeyman AtFi)
 21986 | D:13     | Found a runed translucent door.
 21988 | D:13     | Identified the +5 spear of the Shouting Genius {antimagic,
                  | Dex+3 SInv}
 22201 | D:13     | Noticed Josephine
 22231 | D:13     | Killed Josephine
 22271 | D:13     | Reached skill level 10 in Armour
 22476 | D:13     | Noticed an ironbound preserver
 22515 | Orc:1    | Entered Level 1 of the Orcish Mines
 22678 | Orc:2    | Entered Level 2 of the Orcish Mines
 22749 | Orc:2    | Noticed an orc warlord
 22837 | Orc:1    | Reached skill level 12 in Translocations
 22857 | Orc:1    | an orc warlord changed into a five-headed hydra
 23334 | Orc:2    | Noticed Sonja
 23335 | Orc:2    | Sonja changed into Sonja the hornet
 23335 | Orc:2    | Noticed Sonja
 23338 | Orc:2    | Noticed Snorg
 23340 | Orc:2    | Killed Sonja the hornet
 23345 | Orc:2    | Killed Snorg
 23357 | Orc:2    | Reached ****** piety under Hepliaklqana
 23364 | Orc:2    | Found a staircase to the Elven Halls.
 23725 | Orc:2    | Found Maffay's Assorted Antiques.
 23756 | Orc:2    | Bought a scroll of identify for 50 gold pieces
 23794 | Orc:2    | Noticed an orc warlord
 23869 | Orc:1    | an orc warlord changed into a catoblepas
 24090 | Orc:2    | Found Behyotuz's Assorted Antiques.
 24188 | Orc:2    | Bought a scroll of identify for 46 gold pieces
 24328 | Orc:2    | Found Opan's Antique Armour Boutique.
 24339 | Orc:2    | Found Syugabyh's Antique Weapon Shop.
 24589 | D:12     | Killed an ironbound preserver
 24723 | D:13     | Found a gate to the Vaults.
 24961 | D:14     | Found a transporter.
 25063 | D:14     | Reached XP level 15. HP: 106/109 MP: 17/26
 25785 | D:14     | Found a transporter.
 25791 | D:14     | Noticed dertzug's ghost (journeyman AtFi)
 25897 | D:14     | Identified the +1 quarterstaff of Hidillil {freeze, Will++}
 26174 | Spider:1 | Entered Level 1 of the Spider Nest
 26600 | Lair:2   | HP: 3/110 [radroach (39)]
 27180 | Lair:2   | Reached skill level 13 in Translocations
 27184 | Lair:2   | Learned a level 1 spell: Apportation
 27189 | Lair:2   | Learned a level 4 spell: Manifold Assault
 27194 | Lair:2   | Learned a level 4 spell: Dimensional Bullseye
 27199 | Lair:2   | Learned a level 4 spell: Iskenderun's Mystic Blast
 27204 | Lair:2   | Learned a level 4 spell: Vhi's Electric Charge
 27894 | Spider:1 | Noticed Frances
 27894 | Spider:1 | Noticed an emperor scorpion
 27919 | Spider:1 | Gained mutation: You occasionally lose the ability to drink
                  | potions when taking damage. [a neqoxec]
 27925 | Spider:1 | Killed an emperor scorpion
 28170 | D:15     | Entered Level 15 of the Dungeon
 28399 | D:15     | Found a shadowy altar of Dithmenos.
 28469 | D:15     | Found a staircase to the Depths.
 28592 | D:15     | Noticed Democracy123's ghost (novice FoFi)
 28608 | D:15     | Found a runed translucent gate.
 28608 | D:15     | Found a runed translucent gate.
 28608 | D:15     | Found a runed translucent gate.
 29080 | Swamp:1  | Entered Level 1 of the Swamp
 29080 | Swamp:1  | Noticed a thorn hunter
 29096 | Lair:3   | Killed a thorn hunter
 29369 | Orc:2    | Bought a small jasper amulet for 125 gold pieces
 29369 | Orc:2    | Bought a lightning rod (4/4) for 1000 gold pieces
 29399 | Orc:2    | Bought a wand of quicksilver (4) for 386 gold pieces
 29399 | Orc:2    | Bought a wand of polymorph (4) for 128 gold pieces
 29399 | Orc:2    | Bought a pair of runed gloves for 172 gold pieces
 29399 | Orc:2    | Bought a potion of curing for 69 gold pieces
 29604 | D:6      | Bought a +2 helmet of intelligence for 301 gold pieces
 29604 | D:6      | Bought a +2 tower shield for 231 gold pieces
 29823 | Elf:1    | Entered Level 1 of the Elven Halls
 29833 | Orc:2    | Reached XP level 16. HP: 118/118 MP: 0/28
 30067 | Elf:1    | Reached skill level 10 in Shields
 30633 | Elf:1    | Paralysed by an air elemental for 1 turns
 31205 | Elf:1    | Found Vapneode's Tiny Tomes.
 31452 | Elf:1    | Noticed a bone dragon
 31639 | Orc:2    | Killed a bone dragon
 31824 | Elf:2    | Paralysed by an air elemental for 1 turns
 31990 | Elf:1    | Identified the +8 orcbow "Ganeip" {speed, rC+}
 32171 | Elf:1    | Reached skill level 14 in Translocations
 32509 | Elf:1    | Got Gloorx Vloq's Vellum of Death
 33190 | Elf:2    | Found a huge runed translucent gate.
 33190 | Elf:2    | Found a huge runed translucent gate.
 33190 | Elf:2    | Found a huge runed translucent gate.
 33196 | Elf:2    | Found a huge runed translucent gate.
 33196 | Elf:2    | Found a huge runed translucent gate.
 33433 | Elf:2    | Found Tagiapn's Assorted Antiques.
 33438 | Elf:2    | Bought a glowing scimitar for 217 gold pieces
 33820 | Elf:3    | Entered Level 3 of the Elven Halls
 33970 | Elf:2    | Demolished by a +5 glaive of pain

Illustrated notes

Levels and vault maps discovered:
D:1:      wander_arrival_estate, layout_loops_corners,
          nicolae_figureground_sparkle
D:2:      layout_basic, uniq_natasha, uniq_terence, uniq_sigmund
D:3:      minmay_goblin_kobold_castle, layout_loops_ring
D:4:      layout_rooms, mainiacjoe_overflow_boulevard, kennysheep_little_box,
          minmay_between
D:5:      layout_basic, nemelex_xobeh_ov_fountains_minmay,
          uniq_crazy_yiuf_cottage, uniq_blork_the_orc
D:6:      layout_loops_ring, general_overflow_altar,
          nicolae_temple_entry_ecumenical, serial_shops,
          nicolae_shop_real_fake_doors, uniq_grinder, uniq_menkaure
D:7:      layout_basic, grunt_ministairs_7, minmay_misc_feat_ornament,
          minmay_nine_imps
D:8:      layout_basic, mainiacjoe_overflow_cross_hatched,
          erik_lair_orcish_takeover, hangedman_ranch
D:9:      layout_loops_ring, mainiacjoe_overflow_concentric_impassable,
          mainiacjoe_overflow_chevrons, serial_glass, glass_columns_a,
          glass_columns_a, dk_rats_in_the_wall
D:10:     layout_loops_ring, st_stairs_4, feat_on_display, uniq_erolcha
D:11:     layout_loops_ring, minmay_holes, david_defended_altar_orc
D:12:     layout_loops_ring, david_orc_5, serial_undead, serial_undead_c,
          serial_undead_c, serial_undead_c, serial_undead_f, minivault_16,
          chequers_serial_rivers_micro_a
D:13:     layout_basic, hellmonk_vaults_order_and_chaos,
          ebering_ghost_funeral_grove, uniq_josephine, uniq_jorgrun
D:14:     layout_loops_corners, gammafunk_ghost_mausoleum, glass_columns_a,
          eino_house_with_fridge
D:15:     gammafunk_depths_entry_grave, layout_rooms,
          grunt_dithmenos_smoke_and_mirrors, maelrawn_ghost_gauntlet_escape
Temple:   eino_wide_crystal_templ
Lair:1:   layout_chaotic_city, evilmike_ambush [evilmike_ambush_outer_pillars,
          evilmike_ambush_inner_pond], serial_bayou_shore_a
Lair:2:   nzn_winding_woodlands_cross [nzn_winding_woodlands_5x15_cabin,
          nzn_winding_woodlands_5x15_lazy_stream,
          nzn_winding_woodlands_5x15_twine, nzn_winding_woodlands_5x15_default,
          nzn_winding_woodlands_15x15_five_gardens], layout_regular_city,
          dummy_spider_entry
Lair:3:   layout_cave_pods, minmay_swamp_entry_worms, lemuel_fruit_fields
Lair:4:   layout_cave_pods
Lair:5:   minmay_lair_end_frog_pond, layout_gridlike, minmay_slime_entry_eyes,
          lemuel_fruit_fields
Swamp:1:  layout_basic_swamp, evilmike_swamp_ruin_house_4,
          nicolae_swamp_tree_isthmus, infiniplex_staircase_pool_2, uniq_aizul
Spider:1: layout_spider_delve, nicolae_spider_some_kinda_spiderbox, uniq_frances
Spider:2: layout_spider_delve, hellmonk_deceptive_appearances, uniq_donald
Orc:1:    layout_diamond_mine
Orc:2:    grunt_orc_community_town_hall, layout_caves,
          grunt_orc_community_big_house_1, grunt_orc_community_big_house_1,
          grunt_orc_community_house_3, grunt_orc_community_house_3,
          grunt_orc_community_house_3, grunt_orc_community_house_3,
          grunt_orc_community_house_2, uniq_sonja, uniq_snorg
Elf:1:    eino_elf_arrival_sip, layout_loops_ring,
          nicolae_elf_shapeshifter_party, nicolae_shop_i_like_small_books_too,
          hangedman_research_thanatology
Elf:2:    elven_hall_of_blades_hangedman_alternative [mumra_blade_entry_dagger],
          layout_geoelf_diagonals, serial_shops, shop
Elf:3:    elf_hall_gauntlet_wide, layout_loops_ring, basic_altar

Skill      XL: |  1  2  3  4  5  6  7  8  9 10 11 12 13 14 15 16 |
---------------+-------------------------------------------------+-----
Throwing       | 1 2 3 4 5 6 7 8 9 |  9.4
Long Blades    | 2 3 4 5 6 7 8 9 10 11 12 13 | 13.2
Fighting       | 2 3 4 5 6 7 8 9 |  9.6
Spellcasting   | 2 3 4 5 6 7 8 |  8.8
Armour         | 2 3 4 5 6 7 8 9 10 11 12 | 12.0
Dodging        | 2 3 4 5 6 7 8 |  8.1
Translocations | 4 5 6 7 9 10 11 12 13 14 | 14.3
Shields        | 1 2 4 5 6 7 8 9 10 | 10.6

Action                     |  1- 3 |  4- 6 |  7- 9 | 10-12 | 13-15 | 16-18 || total
---------------------------+-------+-------+-------+-------+-------+-------++-------
  Melee: Falchion          |   112 |   386 |   375 |   858 |   424 |       ||  2155
         Tailslap          |    15 |    49 |    48 |   166 |   312 |    79 ||   669
         Punch             |       |     2 |     4 |       |       |       ||     6
         Scimitar          |       |       |       |       |  1117 |   410 ||  1527
  Throw: Stone             |     1 |    25 |       |       |       |       ||    26
         Dart              |     2 |     4 |     3 |    10 |    10 |       ||    29
         Boomerang         |       |    10 |    50 |    45 |    75 |    63 ||   243
   Cast: Blink             |     1 |     2 |     6 |     9 |    14 |     1 ||    33
         Lesser Beckoning  |       |       |       |       |    14 |    22 ||    36
         Manifold Assault  |       |       |       |       |     3 |    11 ||    14
         Teleport Other    |       |       |       |       |     1 |       ||     1
 Invoke: Recall Ancestor   |       |       |     2 |     7 |    21 |     6 ||    36
         Ancestor Life: He |       |       |       |     1 |       |       ||     1
         Idealise          |       |       |       |       |     1 |       ||     1
  Evoke: Wand              |       |       |       |     1 |     6 |     2 ||     9
    Use: Scroll            |     3 |     5 |     3 |     3 |    21 |     3 ||    38
         Potion            |       |     6 |     1 |       |     2 |       ||     9
   Stab: Confused          |       |       |       |    14 |    42 |     3 ||    59
         Distracted        |       |       |       |    20 |    33 |     2 ||    55
         Sleeping          |       |       |       |       |     1 |     2 ||     3
         Paralysed         |       |       |       |       |    45 |    13 ||    58
 Armour: Leather armour    |    79 |    42 |       |       |       |       ||   121
         Ring mail         |       |   209 |   229 |   584 |   212 |       ||  1234
         Robe              |       |       |       |       |   680 |   295 ||   975
  Dodge: Dodged            |    48 |   315 |   235 |   409 |   718 |   132 ||  1857
  Block: Kite shield       |       |       |    82 |   497 |   862 |    16 ||  1457
         Tower shield      |       |       |       |       |       |   372 ||   372
